 Dungeon Crawl Stone Soup version 0.18.1-5-g4a78601 (webtiles) character file.

18 epen the Skirmisher (level 2, -2/24 HPs)
             Began as a Demonspawn Abyssal Knight on May 12, 2016.
             Was a Follower of Lugonu.
             Slain by Sigmund
             ... wielding a +0 scythe
              (11 damage)
             ... on level 1 of the Dungeon.
             The game lasted 00:01:30 (856 turns).

epen the Skirmisher (Demonspawn Abyssal Knight)      Turns: 856, Time: 00:01:31

Health: -2/24      AC:  4    Str: 12    XL:     2   Next: 48%
Magic:  4/4        EV: 11    Int: 13    God:    Lugonu [*.....]
Gold:   17         SH:  0    Dex: 12    Spells: 0 memorised, 1 level left

rFire  + . .     SeeInvis .     a - +1 short sword
rCold  . . .     Gourm    .     b - +0 leather armour
rNeg   . . .     Faith    .     (no shield)
rPois  .         Spirit   .     m - +0 helmet
rElec  .         Dismiss  .     (no cloak)
rCorr  .         Reflect  .     (no gloves)
SustAt .         Harm     .     (no boots)
MR     .....                    (no amulet)
Stlth  +.........               (no ring)
                                g - ring of protection from fire

@: not resistant to hostile enchantments, very unstealthy
A: hooves 1
a: Depart the Abyss, Renounce Religion


You were on level 1 of the Dungeon.
You worshipped Lugonu.
Lugonu was aware of your devotion.
You were not hungry.

You visited 1 branch of the dungeon, and saw 2 of its levels.
You visited the Abyss 1 time.

You collected 17 gold pieces.

Inventory:

Hand Weapons
 a - a +1 short sword (weapon)
Armour
 b - a +0 leather armour (worn)
 m - a +0 helmet (worn)
Jewellery
 g - a ring of protection from fire (left hand)
Scrolls
 d - a scroll of noise {unknown}
 e - 2 scrolls of identify {unknown}
 h - 5 scrolls of teleportation {unknown}
 j - a scroll of random uselessness {unknown}
Potions
 f - a potion of heal wounds {unknown}
 k - a potion of flight {unknown}
Comestibles
 c - a bread ration
 i - a meat ration
 l - a slice of pizza


   Skills:
 + Level 3.0 Fighting
 * Level 2.2 Short Blades
 + Level 2.1 Armour
 + Level 1.1 Dodging
 * Level 2.8 Invocations


You had one spell level left.
You didn't know any spells.

Dungeon Overview and Level Annotations

Branches:
Dungeon (2/15)

Altars:

Annotations:
D:1 Sigmund
D:2 Terence


Innate Abilities, Weirdness & Mutations

You have large cloven feet.


Message History

You hit Sigmund. Your kick misses Sigmund.
Sigmund is heavily wounded.
Sigmund barely misses you.
You completely miss Sigmund.
Sigmund is heavily wounded.
Sigmund misses you.
You closely miss Sigmund.
Sigmund is heavily wounded.
You completely miss Sigmund.
Sigmund is heavily wounded.
Sigmund completely misses you.
You hit Sigmund but do no damage.
Sigmund is heavily wounded.
Sigmund barely misses you.
You closely miss Sigmund. You kick Sigmund, but do no damage.
Sigmund is heavily wounded.
You barely miss Sigmund. Your kick misses Sigmund.
Sigmund is heavily wounded.
Sigmund hits you with a scythe!
You die...

#...............# #..########
#.......##......# #..##....#
#.....).##......# #..##....#
#....†..##......# #..##....####
#.......#####..)# #...'........
#.......######..# ###.##....####
##.......#.......# #...##....#
....)....#.......###.##......#
.........#....).@....##......#
.........#.....@#######....######
..########......# #.......... ..#
#......#######.......... ..#
#...........####........ ..#
#####.......# #........ ..#
#.......# #........ ..# #..(....#
#........ ..# ######### #........


You could see Sigmund.

Vanquished Creatures
  An ooze (D:1)
  A dart slug (D:1)
  A giant cockroach (D:1)
  A goblin (D:1)
  A hobgoblin (D:1)
  A kobold (D:1)
  2 ball pythons (D:1)
  A bat (D:1)
  A giant newt (D:1)
  2 rats (D:1)
12 creatures vanquished.

Notes
Turn   | Place    | Note
--------------------------------------------------------------
     0 | Abyss:1  | epen the Demonspawn Abyssal Knight began the quest for the Orb.
     0 | Abyss:1  | Reached XP level 1. HP: 18/18 MP: 2/2
     7 | D:1      | Escaped the Abyss
    28 | D:1      | Reached skill level 1 in Dodging
   330 | D:1      | Gained mutation: You have large cloven feet. [demonic ancestry]
   330 | D:1      | Reached XP level 2. HP: 24/24 MP: 3/3
   834 | D:2      | Noticed Terence
   834 | D:2      | Noticed Sigmund
   856 | D:1      | Slain by Sigmund

Skill      XL: |  1 |
---------------+----+-----
Dodging        | 1 |  1.1
Short Blades   | 2 |  2.2
Armour         | 2 |  2.1
Fighting       | |  3.0
Invocations    | |  2.8

Action                   || total
-------------------------++-------
Melee: Short sword       ||    56
       Kick              ||    10
 Stab: Sleeping          ||     1
Armor: Leather armour    ||     7
Dodge: Dodged            ||    24
